[Event "34th MPL National U14G-ch 2022"]
[Site "Ahmedabad"]
[Date "2022.05.12"]
[Round "8.8"]
[White "Shefali A N"]
[Black "Rout Yashita"]
[Result "0-1"]
[ECO "C54"]
[WhiteElo "1322"]
[BlackElo "1718"]
[Annotator "NA RC COMBH"]
[PlyCount "158"]
[EventDate "2022.05.09"]
[EventType "swiss"]
[EventCountry "IND"]
[SourceTitle "playchess.com"]
[Source "ChessBase"]
[SourceQuality "1"]
[TimeControl "5400+30"]

1. e4 e5 2. Nf3 Nc6 3. Bc4 Bc5 4. c3 Nf6 5. d3 d6 6. Nbd2 a6 7. Bb3 Ba7 8. O-O O-O 9. Re1 Ng4 10. Re2 Kh8 11. h3 Nh6 12. Nf1 f5 13. d4 fxe4 14. Rxe4 d5 15. Re1 e4 16. N3h2 Be6 17. Ng3 Qf6 18. Be3 Na5 19. Qh5 Nxb3 20. axb3 Nf7 21. Ng4 Bxg4 22. Qxg4 Nd6 23. Rf1 Rae8 24. Rae1 Qe6 25. Qxe6 Rxe6 26. Bd2 Rfe8 27. Bf4 c6 28. Bxd6 Rxd6 29. b4 Bb8 30. Nf5 Rf6 31. Ne3 Bf4 32. Re2 Kg8 33. g3 Bxe3 34. Rxe3 Rf3 35. Rfe1 Ref8 36. R1e2 R8f6 37. Rxf3 Rxf3 38. Kg2 Rd3 39. h4 Kf7 40. Kh3 Kf6 41. Kg4 g6 42. Kh3 Kf5 43. Kg2 Kg4 44. Rc2 h6 45. Re2 Rf3 46. Re1 Kf5 47. Re2 Rd3 48. Kh3 h5 49. Kg2 Kg4 50. Rc2 g5 51. hxg5 Kxg5 52. Re2 Kg4 53. Rc2 Rd1 54. Re2 b6 55. Rc2 a5 56. bxa5 bxa5 57. Re2 Rc1 58. Rd2 a4 59. Re2 Ra1 60. c4 Ra2 61. cxd5 cxd5 62. Rc2 a3 63. Rc8 Rxb2 64. Rg8+ Kf5 65. Rf8+ Kg6 66. Rg8+ Kf7 67. Ra8 a2 68. Ra7+ Kg6 69. Ra6+ Kg5 70. Ra8 e3 71. Rg8+ Kf6 72. Rf8+ Kg7 73. Ra8 e2 74. Ra7+ Kg6 75. Ra6+ Kf5 76. Rxa2 Rxa2 77. Kh3 e1=Q 78. g4+ hxg4+ 79. Kg3 Qxf2# 0-1

[Event "34th MPL National U14G-ch 2022"]
[Site "Ahmedabad"]
[Date "2022.05.13"]
[Round "9.1"]
[White "Mrittika Mallick"]
[Black "Bhat Sannidhi Ramakrishna"]
[Result "1-0"]
[ECO "B01"]
[WhiteElo "1982"]
[BlackElo "1373"]
[Annotator "TA"]
[PlyCount "145"]
[EventDate "2022.05.09"]
[EventType "swiss"]
[EventCountry "IND"]
[SourceTitle "playchess.com"]
[Source "ChessBase"]
[SourceQuality "1"]
[TimeControl "5400+30"]

1. e4 d5 2. exd5 Qxd5 3. d4 c6 4. c4 Qa5+ 5. Nc3 Nf6 6. Nf3 {[%emt 0:03:31] Inhibits e5. B01: Scandinavian Defence.} Bg4 7. Be2 Nbd7 8. O-O {[%emt 0:01:17] White is slightly better.} e6 9. Ne5 (9. h3 $16 Bh5 10. Bf4) 9... Bxe2 ({Better is} 9... Nxe5 $11 10. dxe5 Rd8) 10. Qxe2 $14 Bd6 11. Nxd7 Nxd7 12. d5 {[%emt 0:05:42] [#]} O-O $146 ({Predecessor:} 12... cxd5 13. cxd5 e5 14. Nb5 Bb8 15. Bd2 Qb6 16. Be3 Qd8 17. Rfd1 O-O 18. d6 a6 {0-1 (42) Hartikainen,J (2133)-Sanudula,K (1717) Chess.com INT 2021}) 13. dxe6 (13. Ne4 $5 Be5 14. dxe6 fxe6 15. Be3 $14) 13... Rae8 14. exf7+ Kxf7 15. Qd3 Qc7 16. Qh3 (16. Qxh7 $2 Nf6 17. Qf5 Bxh2+ 18. Kh1 Rh8 $19) 16... Kg8 17. Be3 Re5 18. Rad1 (18. Bxa7 b6 19. Rad1 Rf6 $17) 18... Rf7 19. Ne2 (19. Bxa7 b6 20. Qg3 Re6 21. Rxd6 (21. Qh3 $2 Rh6 $19) 21... Qxd6 22. Qxd6 Rxd6 $17) 19... Re8 20. Nd4 {[%emt 0:00:00] Threatens to win with Ne6.} Nf8 {[%emt 0:04:53] Against Ne6} 21. Nf3 Ne6 22. Rfe1 (22. Bxa7 $6 Nf4 23. Qg4 h5 $14) 22... Rfe7 23. Qg4 (23. Bxa7 $2 Ng5 $1 24. Rxe7 Nxh3+ 25. gxh3 Qxe7 $19) 23... Nf4 $2 (23... Bb4 $16 {is more resistant.}) 24. Bxf4 (24. c5 $142 Nd5 25. cxd6 Qxd6 26. Bd4) 24... Bxf4 (24... Rxe1+ 25. Rxe1 Rxe1+ 26. Nxe1 Bxf4) 25. Rxe7 $1 $18 Rxe7 26. g3 Bd6 27. Qd4 $2 (27. c5 $18 {and White stays clearly on top.} Bxc5 28. Qc4+ Rf7 29. Ng5 (29. Qxc5 Rxf3 30. Qxa7 Rf8 $16)) 27... Re6 (27... Be5 $16 28. Nxe5 (28. Qxa7 Bxb2 29. Qa8+ Kf7 $16) 28... Qxe5 29. Qxe5 (29. Qxa7 Qxb2 30. Qb8+ Kf7 $16) 29... Rxe5) 28. c5 Bf8 29. Qc4 (29. Ng5 $18 Rf6 30. Qc4+ Kh8 31. Qe4) 29... Qf7 $16 30. Kg2 {[%emt 0:00:00] aiming for Ng5.} h6 {[%emt 0:00:30] Inhibits Ng5.} 31. Rd8 {[%emt 0:00:00] Prevents Re8.} (31. b4 $18) 31... Re8 32. Qxf7+ Kxf7 {[%emt 0:00:02][%mdl 4096] Endgame KRB-KRN} 33. Rd7+ Re7 34. Rd2 {[%emt 0:01:19] White is more active.} g5 (34... Re4 $11) 35. h3 Re4 36. Rc2 Ke6 37. Nd2 Re5 (37... Rd4 $14) 38. Nb3 (38. b4 $16) 38... Rd5 39. Kf3 Bg7 ({Black should play} 39... h5 $1 $14) 40. Na5 $18 Rd7 41. b3 h5 42. Ke4 (42. Re2+ $142 Kd5 43. Rd2+ Bd4 44. b4) 42... Rd4+ 43. Kf3 Rd7 $1 44. Re2+ Kf7 45. Nc4 Bd4 46. Nd6+ Kf6 47. Rd2 (47. b4 $18) 47... Ke5 $14 48. Nc4+ Kd5 49. Ne3+ Kxc5 50. Nf5 {[%emt 0:00:57] And now Ke4 would win.} (50. g4 $5 ) 50... Rd5 51. Rc2+ Kb5 52. g4 h4 (52... Bf6 $11) 53. Ke4 $16 Bf6 54. f4 {[%emt 0:00:16] Against Re5+} gxf4 ({Black should try} 54... a5) 55. Kxf4 {[%emt 0:00:30] Strongly threatening g5.} Rd3 56. Rh2 ({Much less strong is} 56. g5 Bxg5+ 57. Kxg5 Rxh3 58. Nxh4 a5) 56... Bd8 (56... Rd1 $16 {might work better.}) 57. Ke4 (57. g5 $1 $18 {and the rest is easy.}) 57... Rd1 58. Nd4+ $1 Kb4 {[%emt 0:00:12] [#]} 59. Ne6 (59. Nf3 $1 $16) 59... Be7 (59... Re1+ $11 {keeps the balance.} 60. Kf5 Rf1+ 61. Ke4 Re1+ 62. Kf5 Rf1+ 63. Ke5 Re1+ 64. Kd6 Rd1+ 65. Ke5 Re1+ 66. Kf5) 60. g5 Re1+ $2 (60... Rd6 $16) 61. Kf5 $18 Rf1+ 62. Kg6 Re1 {[%emt 0:00:25] [#]} 63. Kf7 (63. Nf4 $1 $18 {[%cal Rf4d3] Hoping for Nd3+.} Ka3 64. Kf5) 63... Rxe6 $2 64. Kxe6 Bxg5 $16 {[%emt 0:00:01] KR-KB} 65. Rg2 Bd8 (65... Be3 $142 66. Re2 Bg5 67. Re4+ Ka3 68. Ra4+ Kb2 69. Rxa7 b5) 66. Kd7 $18 Bb6 67. Rg4+ Ka3 68. Ra4+ Kb2 69. Kc8 Bf2 70. Kxb7 c5 71. Rxa7 {[%emt 0:00:27] White mates.} c4 {[%emt 0:00:36] [#]} 72. bxc4 $1 Bxa7 (72... Kc3 73. Ra4) 73. Kxa7 {[%emt 0:00:05] Weighted Error Value: White=0.42/Black=0.47} 1-0

[Event "34th MPL National U14G-ch 2022"]
[Site "Ahmedabad"]
[Date "2022.05.13"]
[Round "9.2"]
[White "Rajanya Datta"]
[Black "Anupam M Sreekumar"]
[Result "0-1"]
[ECO "C44"]
[WhiteElo "1589"]
[BlackElo "1673"]
[Annotator "NA RC COMBH"]
[PlyCount "70"]
[EventDate "2022.05.09"]
[EventType "swiss"]
[EventCountry "IND"]
[SourceTitle "playchess.com"]
[Source "ChessBase"]
[SourceQuality "1"]
[TimeControl "5400+30"]

1. e4 e5 2. Nf3 Nc6 3. c3 Nf6 4. d4 Nxe4 5. Bd3 d5 6. Nxe5 Nxe5 7. dxe5 Qh4 8. Be3 Bc5 9. Bxc5 Nxc5 10. Bb5+ c6 11. Be2 Qe4 12. O-O Qxe5 13. f4 Qe3+ 14. Kh1 Ne4 15. Qe1 O-O 16. a4 Re8 17. Rf3 Qxe2 18. Qxe2 Ng3+ 19. hxg3 Rxe2 20. b4 Re1+ 21. Kh2 Bf5 22. b5 Rxb1 23. Rxb1 Bxb1 24. bxc6 bxc6 25. c4 dxc4 26. Rc3 Bd3 27. f5 f6 28. g4 Rb8 29. g5 fxg5 30. f6 gxf6 31. Rxd3 cxd3 32. a5 d2 33. a6 d1=Q 34. g4 Rb2+ 35. Kh3 Qf3# 0-1

[Event "34th MPL National U14G-ch 2022"]
[Site "Ahmedabad"]
[Date "2022.05.13"]
[Round "9.3"]
[White "Shreya G Hipparagi"]
[Black "Roy Aanya"]
[Result "0-1"]
[ECO "C01"]
[WhiteElo "1548"]
[BlackElo "1560"]
[Annotator "NA RC COMBH"]
[PlyCount "50"]
[EventDate "2022.05.09"]
[EventType "swiss"]
[EventCountry "IND"]
[SourceTitle "playchess.com"]
[Source "ChessBase"]
[SourceQuality "1"]
[TimeControl "5400+30"]

1. e4 e6 2. d4 d5 3. exd5 exd5 4. Bf4 Bd6 5. Bxd6 Qxd6 6. Bd3 Ne7 7. Nc3 Nbc6 8. Nf3 Bg4 9. Nb5 Qd7 10. c3 a6 11. Na3 O-O-O 12. h3 Bh5 13. g4 Bg6 14. Qe2 h5 15. g5 h4 16. Bxg6 Nxg6 17. O-O-O Rde8 18. Qd2 Qf5 19. Qd3 Re4 20. Nc2 Nf4 21. Qf1 Ne2+ 22. Kb1 Qxf3 23. Ne3 Ng3 24. fxg3 Rxe3 25. Qg1 hxg3 0-1

[Event "34th MPL National U14G-ch 2022"]
[Site "Ahmedabad"]
[Date "2022.05.13"]
[Round "9.4"]
[White "Pragnya H G"]
[Black "Pournami S"]
[Result "1-0"]
[ECO "B33"]
[WhiteElo "1605"]
[BlackElo "1376"]
[Annotator "NA RC COMBH"]
[PlyCount "107"]
[EventDate "2022.05.09"]
[EventType "swiss"]
[EventCountry "IND"]
[SourceTitle "playchess.com"]
[Source "ChessBase"]
[SourceQuality "1"]
[TimeControl "5400+30"]

1. e4 c5 2. Nf3 e6 3. d4 cxd4 4. Nxd4 Nc6 5. Nc3 Nf6 6. Ndb5 d6 7. Bf4 e5 8. Bg5 a6 9. Na3 Be7 10. Bxf6 Bxf6 11. Nd5 b5 12. c3 O-O 13. Nc2 Be7 14. Bd3 f5 15. exf5 Bxf5 16. Bxf5 Rxf5 17. O-O Rg5 18. Qd2 Rg6 19. Nce3 Bg5 20. Rad1 Rb8 21. Qd3 Qd7 22. f4 exf4 23. Nxf4 Bxf4 24. Rxf4 Qh3 25. Kh1 Qh6 26. Qd5+ Re6 27. Re4 Rbe8 28. Nf5 Qf6 29. Rde1 Ne5 30. Nd4 h6 31. Nxe6 Rxe6 32. Rf4 Qg6 33. Qe4 Qg5 34. g3 Rg6 35. Qd5+ Kh7 36. Rf8 Rf6 37. Qg8+ Kg6 38. Rxf6+ Qxf6 39. Qd5 Kh7 40. Kg2 h5 41. Rd1 Qg6 42. h3 Nc4 43. Qd3 Qxd3 44. Rxd3 Nxb2 45. Rxd6 Na4 46. Rc6 a5 47. c4 b4 48. c5 Nc3 49. Rb6 Nd5 50. Ra6 Kg8 51. Rxa5 Kf8 52. c6 Nc7 53. Ra7 Nd5 54. c7 1-0

[Event "34th MPL National U14G-ch 2022"]
[Site "Ahmedabad"]
[Date "2022.05.13"]
[Round "9.5"]
[White "Debapriya Manna"]
[Black "Rout Yashita"]
[Result "1/2-1/2"]
[ECO "E06"]
[WhiteElo "1384"]
[BlackElo "1718"]
[Annotator "NA RC COMBH"]
[PlyCount "120"]
[EventDate "2022.05.09"]
[EventType "swiss"]
[EventCountry "IND"]
[SourceTitle "playchess.com"]
[Source "ChessBase"]
[SourceQuality "1"]
[TimeControl "5400+30"]

1. c4 e6 2. g3 Nf6 3. Bg2 d5 4. d4 Be7 5. Nc3 O-O 6. Nf3 c6 7. O-O b6 8. b3 a5 9. a4 Ba6 10. cxd5 cxd5 11. Bb2 Nc6 12. Rc1 Rc8 13. Qc2 Nb4 14. Qb1 Bd6 15. Rfd1 Qe7 16. Ba3 Rfd8 17. e4 dxe4 18. Nxe4 Nxe4 19. Qxe4 Bb7 20. Qe2 Nd5 21. Bxd6 Qxd6 22. Qd2 Qa3 23. Rxc8 Rxc8 24. Qd3 Rc3 25. Qb5 Bc6 26. Qa6 Qe7 27. Ne5 Qb7 28. Qxb7 Bxb7 29. Rb1 f6 30. Nc4 Bc6 31. Bxd5 Bxd5 32. Nxb6 Rxb3 33. Rxb3 Bxb3 34. Kf1 Kf7 35. Ke2 Ke7 36. Kd3 Kd6 37. Kc3 Bd5 38. Nc4+ Bxc4 39. Kxc4 Kc6 40. f4 f5 41. h3 h6 42. h4 g6 43. Kc3 Kd5 44. Kd3 h5 45. Kc3 Ke4 46. Kc4 Kf3 47. Kc5 Kxg3 48. Kd6 Kxh4 49. Kxe6 Kg3 50. d5 h4 51. d6 h3 52. d7 h2 53. d8=Q h1=Q 54. Qg5+ Kf2 55. Qxg6 Qe4+ 56. Kf6 Qxf4 57. Qxf5 Ke3 58. Qxf4+ Kxf4 59. Kg6 Ke4 60. Kg5 Ke5 1/2-1/2

[Event "34th MPL National U14G-ch 2022"]
[Site "Ahmedabad"]
[Date "2022.05.13"]
[Round "9.6"]
[White "Shubhi Gupta"]
[Black "Elakshi Srivastava"]
[Result "1-0"]
[ECO "E61"]
[WhiteElo "1613"]
[BlackElo "1256"]
[Annotator "NA RC COMBH"]
[PlyCount "133"]
[EventDate "2022.05.09"]
[EventType "swiss"]
[EventCountry "IND"]
[SourceTitle "playchess.com"]
[Source "ChessBase"]
[SourceQuality "1"]
[TimeControl "5400+30"]

1. d4 Nf6 2. c4 c5 3. Nf3 g6 4. Bg5 Bg7 5. Nc3 d6 6. e3 Nbd7 7. Be2 O-O 8. O-O b6 9. Qc2 Bb7 10. Rfd1 a6 11. Rac1 Qc7 12. b3 Rfb8 13. a4 Nf8 14. d5 h6 15. Bh4 g5 16. Bg3 Nh5 17. Nd2 Nxg3 18. hxg3 Bc8 19. Nf3 Ng6 20. Bd3 Ne5 21. Nxe5 Bxe5 22. f4 gxf4 23. gxf4 Bg7 24. Ne4 Bg4 25. Rf1 Kh8 26. f5 Be5 27. Qf2 Rg8 28. Qh4 h5 29. f6 exf6 30. Nxf6 Qe7 31. Qf2 Rg7 32. Nxg4 hxg4 33. g3 Qg5 34. Kg2 Kg8 35. Rh1 Kf8 36. Rh8+ Rg8 37. Rf1 Ra7 38. Rh7 Rg7 39. Rh4 Re7 40. Bf5 Bc3 41. e4 Qd2 42. Qxd2 Bxd2 43. Rxg4 Rxg4 44. Bxg4 Rxe4 45. Be6 Bg5 46. Rxf7+ Ke8 47. Rb7 Bd8 48. Bf5 Re2+ 49. Kf3 Rb2 50. Bg6+ Kf8 51. Rf7+ Kg8 52. Rd7 Rxb3+ 53. Kg4 Bf6 54. Rxd6 Rxg3+ 55. Kf5 Be7 56. Rxb6 Rg5+ 57. Kf4 a5 58. Rb8+ Kg7 59. Rb7 Kxg6 60. Rxe7 Rf5+ 61. Ke4 Rh5 62. Rc7 Rh4+ 63. Ke5 Rxc4 64. d6 Rxa4 65. d7 Rd4 66. Rc6+ Kf7 67. Rd6 1-0

[Event "34th MPL National U14G-ch 2022"]
[Site "Ahmedabad"]
[Date "2022.05.13"]
[Round "9.7"]
[White "Aashi Upadhyay"]
[Black "Sneha Halder"]
[Result "1/2-1/2"]
[ECO "A01"]
[WhiteElo "1266"]
[BlackElo "1557"]
[Annotator "NA RC COMBH"]
[PlyCount "95"]
[EventDate "2022.05.09"]
[EventType "swiss"]
[EventCountry "IND"]
[SourceTitle "playchess.com"]
[Source "ChessBase"]
[SourceQuality "1"]
[TimeControl "5400+30"]

1. b3 e5 2. Bb2 d6 3. e3 Bf5 4. Nf3 Nd7 5. c4 g6 6. d4 Bg7 7. d5 Qe7 8. Nc3 g5 9. h3 h5 10. e4 Bg6 11. Bd3 Nc5 12. Bc2 g4 13. hxg4 hxg4 14. Rxh8 Bxh8 15. Nd2 Qh4 16. Qe2 Qh1+ 17. Qf1 Qxf1+ 18. Kxf1 Bg7 19. b4 Nd7 20. Nb5 Kd8 21. Ke2 a6 22. Nc3 Ngf6 23. a3 Ke7 24. Rh1 Nh5 25. g3 Rh8 26. Rg1 Nhf6 27. Nd1 a5 28. Ne3 Rh2 29. Nef1 Rh3 30. Ne3 Nh7 31. Nf5+ Bxf5 32. exf5 Nhf6 33. Ne4 Nxe4 34. Bxe4 Nb6 35. Rc1 axb4 36. axb4 Rh8 37. Kd3 Ra8 38. Ra1 Rxa1 39. Bxa1 Kf6 40. c5 Nc8 41. Kc4 Bh6 42. Bc3 Bc1 43. Kb5 Kg5 44. c6 bxc6+ 45. Kxc6 Na7+ 46. Kb7 Nb5 47. Be1 Bb2 48. Kc6 1/2-1/2

[Event "34th MPL National U14G-ch 2022"]
[Site "Ahmedabad"]
[Date "2022.05.13"]
[Round "9.8"]
[White "Yashvi Jain"]
[Black "Jeevika S"]
[Result "1/2-1/2"]
[ECO "D36"]
[WhiteElo "1362"]
[BlackElo "1433"]
[Annotator "NA RC COMBH"]
[PlyCount "61"]
[EventDate "2022.05.09"]
[EventType "swiss"]
[EventCountry "IND"]
[SourceTitle "playchess.com"]
[Source "ChessBase"]
[SourceQuality "1"]
[TimeControl "5400+30"]

1. d4 d5 2. c4 e6 3. Nc3 Nf6 4. cxd5 exd5 5. Bg5 Be7 6. e3 c6 7. Bd3 O-O 8. Qc2 h6 9. Bh4 Be6 10. Nge2 Nh5 11. Bxe7 Qxe7 12. O-O Nd7 13. f3 f5 14. Rab1 Qg5 15. e4 fxe4 16. fxe4 Bh3 17. Ng3 Nxg3 18. hxg3 Be6 19. exd5 Bxd5 20. Nxd5 cxd5 21. Qe2 Rfe8 22. Qf3 Rf8 23. Bf5 Nf6 24. Rbe1 Rae8 25. Qf4 Qxf4 26. gxf4 Ne4 27. Bd7 Re7 28. Ba4 Rd8 29. Bb3 Kf8 30. Bc2 Rc8 31. Bd3 1/2-1/2

[Event "34th MPL National U14G-ch 2022"]
[Site "Ahmedabad"]
[Date "2022.05.13"]
[Round "10.1"]
[White "Roy Aanya"]
[Black "Mrittika Mallick"]
[Result "*"]
[ECO "B92"]
[WhiteElo "1560"]
[BlackElo "1982"]
[Annotator "TA"]
[PlyCount "35"]
[EventDate "2022.05.09"]
[EventType "swiss"]
[EventCountry "IND"]
[SourceTitle "playchess.com"]
[Source "ChessBase"]
[SourceQuality "1"]
[TimeControl "5400+30"]

1. e4 c5 2. Nf3 d6 3. d4 cxd4 4. Nxd4 Nf6 5. Nc3 a6 6. Be2 e5 7. Nb3 Be7 8. O-O O-O 9. Kh1 Nbd7 10. a4 {[%emt 0:00:34] B92: Sicilian Najdorf: 6 Be2.} b6 (10... Re8) (10... Re8 $11) 11. f4 (11. f3 $14) 11... Bb7 $11 12. Bf3 Rc8 13. Qe1 Qc7 {[%emt 0:05:29] [#]} 14. g4 $146 ({Predecessor:} 14. f5 Rfd8 15. Bg5 Nc5 16. Nd2 h6 17. Bh4 Nh7 18. Bxe7 Qxe7 19. h4 Nf6 20. g4 d5 21. exd5 Nxd5 22. Kh2 Nxc3 23. Bxb7 Nxb7 24. bxc3 Rxc3 {0-1 (24) Marecek,M-Cmiel,P Czechoslovakia 1989}) 14... exf4 (14... d5 15. exd5 Bb4) (14... d5 $1 $15 15. exd5 Bb4) 15. g5 {[%emt 1:18:32] The position is equal.} Ne8 16. Bxf4 Ne5 17. Bg2 g6 18. Nd4 {[%emt 0:07:22] Weighted Error Value: White=0.23 (precise) /Black=0.16 (very precise)} *

[Event "34th MPL National U14G-ch 2022"]
[Site "Ahmedabad"]
[Date "2022.05.13"]
[Round "10.2"]
[White "Anupam M Sreekumar"]
[Black "Pragnya H G"]
[Result "1/2-1/2"]
[ECO "C54"]
[WhiteElo "1673"]
[BlackElo "1605"]
[Annotator "NA RC COMBH"]
[PlyCount "95"]
[EventDate "2022.05.09"]
[EventType "swiss"]
[EventCountry "IND"]
[SourceTitle "playchess.com"]
[Source "ChessBase"]
[SourceQuality "1"]
[TimeControl "5400+30"]

1. e4 e5 2. Nf3 Nc6 3. Bc4 Bc5 4. c3 Nf6 5. d3 d6 6. O-O O-O 7. h3 h6 8. Re1 Bb6 9. a4 a5 10. Nbd2 Ne7 11. Nf1 Ng6 12. Ng3 c6 13. Bb3 Bc7 14. d4 Re8 15. Bc2 Be6 16. Be3 d5 17. dxe5 Bxe5 18. Nxe5 Nxe5 19. Bd4 Ng6 20. Qf3 Nh4 21. Qd3 dxe4 22. Nxe4 Nxe4 23. Qxe4 Bf5 24. Qxe8+ Qxe8 25. Rxe8+ Rxe8 26. Bxf5 Nxf5 27. Bb6 Re2 28. Rb1 Nd6 29. b4 Ra2 30. bxa5 Rxa4 31. Rd1 Nc4 32. Rd8+ Kh7 33. Rd7 Nxa5 34. Rxf7 Kg8 35. Rc7 Nb3 36. Rxb7 Rc4 37. Bc7 Rxc3 38. Be5 Rc1+ 39. Kh2 Nc5 40. Rxg7+ Kf8 41. Bf4 Kxg7 42. Bxc1 Nd3 43. Be3 c5 44. Kg3 c4 45. Kf3 h5 46. Ke2 Kg6 47. Bd2 Kf5 48. Kf3 1/2-1/2

[Event "34th MPL National U14G-ch 2022"]
[Site "Ahmedabad"]
[Date "2022.05.13"]
[Round "10.3"]
[White "Rajanya Datta"]
[Black "Shubhi Gupta"]
[Result "0-1"]
[ECO "C44"]
[WhiteElo "1589"]
[BlackElo "1613"]
[Annotator "NA RC COMBH"]
[PlyCount "56"]
[EventDate "2022.05.09"]
[EventType "swiss"]
[EventCountry "IND"]
[SourceTitle "playchess.com"]
[Source "ChessBase"]
[SourceQuality "1"]
[TimeControl "5400+30"]

1. e4 e5 2. Nf3 Nc6 3. c3 d5 4. Qa4 f6 5. d3 Nge7 6. Be2 Be6 7. O-O Qd7 8. b4 g5 9. b5 Nd8 10. Re1 h5 11. Nfd2 Ng6 12. d4 Kf7 13. dxe5 Nxe5 14. exd5 Bxd5 15. c4 Be6 16. Bb2 Bd6 17. Ne4 Ng4 18. h3 Bh2+ 19. Kh1 Be5 20. Nbc3 Bf5 21. Rad1 Qe6 22. Bxg4 hxg4 23. Nxg5+ fxg5 24. Rd5 gxh3 25. g3 h2 26. Rdxe5 Bg4 27. R1e3 Qxe5 28. Rxe5 Bf3# 0-1

[Event "34th MPL National U14G-ch 2022"]
[Site "Ahmedabad"]
[Date "2022.05.13"]
[Round "10.4"]
[White "Bhat Sannidhi Ramakrishna"]
[Black "Nivedita V C"]
[Result "1-0"]
[ECO "D02"]
[WhiteElo "1373"]
[BlackElo "1296"]
[Annotator "NA RC COMBH"]
[PlyCount "49"]
[EventDate "2022.05.09"]
[EventType "swiss"]
[EventCountry "IND"]
[SourceTitle "playchess.com"]
[Source "ChessBase"]
[SourceQuality "1"]
[TimeControl "5400+30"]

1. d4 Nf6 2. Nf3 e6 3. Bf4 d5 4. e3 Be7 5. Nbd2 O-O 6. Bd3 c5 7. c3 Nc6 8. Ne5 Nxe5 9. dxe5 Nd7 10. h4 g6 11. Nf3 c4 12. Bc2 b5 13. Rh3 b4 14. Bh6 Re8 15. h5 Qa5 16. hxg6 hxg6 17. Qd2 bxc3 18. bxc3 Ba3 19. Ke2 Bb2 20. Rah1 Nf8 21. Bg5 f6 22. Bxf6 Nh7 23. Rxh7 Ba6 24. Rh8+ Kf7 25. R1h7# 1-0

[Event "34th MPL National U14G-ch 2022"]
[Site "Ahmedabad"]
[Date "2022.05.13"]
[Round "10.5"]
[White "Pournami S"]
[Black "Sachi Jain"]
[Result "1/2-1/2"]
[ECO "B43"]
[WhiteElo "1376"]
[BlackElo "1768"]
[Annotator "NA RC COMBH"]
[PlyCount "62"]
[EventDate "2022.05.09"]
[EventType "swiss"]
[EventCountry "IND"]
[SourceTitle "playchess.com"]
[Source "ChessBase"]
[SourceQuality "1"]
[TimeControl "5400+30"]

1. e4 c5 2. Nf3 e6 3. d4 cxd4 4. Nxd4 a6 5. Nc3 Qc7 6. a3 b5 7. g3 Bb7 8. Bg2 Nf6 9. Bg5 Be7 10. O-O Nc6 11. Re1 d6 12. Be3 O-O 13. f4 Rac8 14. Qf3 Nb8 15. f5 e5 16. Nb3 Rfd8 17. Rad1 Nbd7 18. g4 Nc5 19. Nxc5 dxc5 20. g5 Ne8 21. h4 f6 22. Qh5 Bf8 23. Qg4 b4 24. Ne2 Rxd1 25. Rxd1 Rd8 26. Rxd8 Qxd8 27. Ng3 bxa3 28. bxa3 Bc6 29. Nh5 Kh8 30. gxf6 Nxf6 31. Nxf6 Qxf6 1/2-1/2

[Event "34th MPL National U14G-ch 2022"]
[Site "Ahmedabad"]
[Date "2022.05.13"]
[Round "10.6"]
[White "Rout Yashita"]
[Black "Yashvi Jain"]
[Result "1-0"]
[ECO "C95"]
[WhiteElo "1718"]
[BlackElo "1362"]
[Annotator "NA RC COMBH"]
[PlyCount "97"]
[EventDate "2022.05.09"]
[EventType "swiss"]
[EventCountry "IND"]
[SourceTitle "playchess.com"]
[Source "ChessBase"]
[SourceQuality "1"]
[TimeControl "5400+30"]

1. e4 e5 2. Nf3 Nc6 3. Bb5 a6 4. Ba4 Nf6 5. O-O b5 6. Bb3 Be7 7. Re1 d6 8. c3 O-O 9. h3 Nb8 10. d4 Nbd7 11. Nbd2 Bb7 12. Bc2 Re8 13. Nf1 Bf8 14. Ng3 g6 15. b3 c6 16. Bg5 Qc7 17. dxe5 dxe5 18. Qe2 Bg7 19. b4 c5 20. a4 cxb4 21. cxb4 Bc6 22. axb5 Bxb5 23. Bd3 Qc3 24. Bxb5 axb5 25. Rxa8 Rxa8 26. Qxb5 Rb8 27. Bd2 Rxb5 28. Bxc3 Bf8 29. Ra1 Bd6 30. Kf1 Rb6 31. Rb1 Nc5 32. Bxe5 Bxe5 33. Nxe5 Nfxe4 34. Nxe4 Nxe4 35. Rb2 f6 36. Nf3 Nc3 37. Rb3 Nd5 38. b5 Kf7 39. Nd2 Ke6 40. Nc4 Rb8 41. b6 Kd7 42. b7 Nf4 43. Na5 Ne6 44. Rd3+ Kc7 45. Rc3+ Kd7 46. Rc6 Nd8 47. Rxf6 Nxb7 48. Rf7+ Kc8 49. Nc6 1-0

[Event "34th MPL National U14G-ch 2022"]
[Site "Ahmedabad"]
[Date "2022.05.13"]
[Round "10.7"]
[White "Sneha Halder"]
[Black "Krishika Garg"]
[Result "1-0"]
[ECO "A01"]
[WhiteElo "1557"]
[BlackElo "1318"]
[Annotator "NA RC COMBH"]
[PlyCount "75"]
[EventDate "2022.05.09"]
[EventType "swiss"]
[EventCountry "IND"]
[SourceTitle "playchess.com"]
[Source "ChessBase"]
[SourceQuality "1"]
[TimeControl "5400+30"]

1. b3 Nf6 2. Bb2 d5 3. g3 c5 4. Bg2 Nc6 5. f4 Bf5 6. Nf3 e6 7. a3 Be7 8. d3 Ng4 9. Bc1 h5 10. h3 Nf6 11. Bb2 d4 12. Nbd2 Nd5 13. Nf1 h4 14. Qd2 hxg3 15. e4 dxe3 16. Nxe3 Nxe3 17. Qxe3 Bf6 18. Ne5 Nd4 19. O-O-O Rb8 20. Kb1 g5 21. fxg5 Bxg5 22. Qxg3 Rh4 23. Bc1 f6 24. Bxg5 fxg5 25. Rde1 Qe7 26. Ng6 Bxg6 27. Qxb8+ Kf7 28. Qxa7 Bf5 29. Qxb7 Qxb7 30. Bxb7 Bxh3 31. a4 g4 32. a5 Rh8 33. a6 Nb5 34. Re5 Nd6 35. Bg2 Nf5 36. a7 c4 37. a8=Q Rxa8 38. Bxa8 1-0

[Event "34th MPL National U14G-ch 2022"]
[Site "Ahmedabad"]
[Date "2022.05.13"]
[Round "10.8"]
[White "Debapriya Manna"]
[Black "Shreya G Hipparagi"]
[Result "*"]
[ECO "E07"]
[WhiteElo "1384"]
[BlackElo "1548"]
[Annotator "NA RC COMBH"]
[PlyCount "28"]
[EventDate "2022.05.09"]
[EventType "swiss"]
[EventCountry "IND"]
[SourceTitle "playchess.com"]
[Source "ChessBase"]
[SourceQuality "1"]
[TimeControl "5400+30"]

1. c4 e6 2. g3 Nf6 3. Bg2 d5 4. d4 Be7 5. Nc3 O-O 6. Nf3 c6 7. O-O Nbd7 8. b3 Re8 9. Bb2 b6 10. Rc1 Ba6 11. Nd2 Rc8 12. Re1 Bb4 13. e4 dxc4 14. Nxc4 {[%emt 0:02:19] 0.89} e5 *

[Event "34th MPL National U14G-ch 2022"]
[Site "Ahmedabad"]
[Date "2022.05.14"]
[Round "11.1"]
[White "Mrittika Mallick"]
[Black "Anupam M Sreekumar"]
[Result "1/2-1/2"]
[ECO "C54"]
[WhiteElo "1982"]
[BlackElo "1673"]
[Annotator "TA"]
[PlyCount "63"]
[EventDate "2022.05.09"]
[EventType "swiss"]
[EventCountry "IND"]
[SourceTitle "playchess.com"]
[Source "ChessBase"]
[SourceQuality "1"]
[TimeControl "5400+30"]

1. e4 e5 2. Nf3 Nc6 3. Bc4 Bc5 4. c3 Nf6 5. d3 d6 6. Bb3 a6 7. h3 {[%emt 0:01:07] C54: Giuoco Piano: 4 c3 Nf6, main lines with 5 d4 and 5 d3.} h6 8. Nbd2 O-O 9. Nf1 Be6 10. Ng3 d5 11. Qe2 Re8 12. O-O Bf8 13. Rd1 Qe7 14. Be3 Rad8 15. Bc2 {[%emt 0:05:27] [#]} Bc8 $146 ({Predecessor:} 15... g6 16. a4 a5 17. d4 Nxe4 18. Nxe4 dxe4 19. Nxe5 Nxe5 20. dxe5 Bd5 21. Bf4 Qe6 22. Bxe4 Bxe4 23. Qxe4 {1-0 (48) Mamedov,R (2660)-Aronian,L (2801) Moscow 2010}) 16. Nh2 Qe6 17. Nf5 Ne7 18. Nxe7+ Bxe7 19. Nf1 Qc6 20. Ng3 dxe4 21. dxe4 Be6 22. Rxd8 Rxd8 23. Bd3 Bc5 24. Bxc5 Qxc5 25. a3 Nd7 26. Nf1 Nf8 27. Rd1 Ng6 28. Qe3 Qxe3 29. Nxe3 {[%emt 0:00:16] The position is equal.} Bb3 30. Bc2 Rxd1+ 31. Bxd1 Bxd1 32. Nxd1 {[%emt 0:00:02] Not much happened in this game.  Weighted Error Value: White=0.10 (very precise) /Black=0.08 (flawless)} 1/2-1/2